 Dungeon Crawl Stone Soup version 0.30-a0-586-g23e55c9e0a (webtiles) character file.

Game seed: 5408971748825359251

886 Dartaoz the Shooter (level 7, -4/54 HPs)
             Began as a Minotaur Hunter on Jan 3, 2023.
             Was a Follower of Hepliaklqana.
             Slain by an orc warrior
             ... wielding a +0 long sword
              (9 damage)
             ... on level 6 of the Dungeon.
             The game lasted 00:18:35 (4795 turns).

Dartaoz the Shooter (Minotaur Hunter)               Turns: 4795, Time: 00:18:35

Health: -4/54      AC: 10    Str: 15    XL:     7   Next: 76%
Magic:  6/6        EV: 13    Int:  6    God:    Hepliaklqana [*.....]
Gold:   185        SH:  0    Dex: 16    Spells: 6/6 levels left

rFire   . . .      SeeInvis .    a - +1 shortbow
rCold   . . .      Faith    .    (shield currently unavailable)
rNeg    . . .      Spirit   .    t - +1 ring mail
rPois   .          Reflect  .    (helmet restricted)
rElec   .          Harm     .    (no cloak)
rCorr   .          Rampage  .    g - +2 pair of gloves
Will    +....                    (no boots)
Stlth   ++                       (no amulet)
HPRegen 0.29/turn                p - ring of willpower
MPRegen 0.10/turn                (no ring)

@: no status effects
A: reduced essence, horns 2, retaliatory headbutt
a: Renounce Religion, Recall Ancestor, Ancestor Identity


You were on level 6 of the Dungeon.
You worshipped Hepliaklqana.
Hepliaklqana was aware of your devotion.
You visited 2 branches of the dungeon, and saw 7 of its levels.

You collected 185 gold pieces.

Inventory:

Hand Weapons
 a - a +1 shortbow (weapon)
Armour
 c - a +0 leather armour
 g - a +2 pair of gloves (worn)
 t - a +1 ring mail (worn)
Jewellery
 p - a ring of willpower (left hand)
Scrolls
 b - 3 scrolls of immolation
 d - 2 scrolls of teleportation
 h - a scroll of torment
 i - a scroll of noise {unknown}
 j - a scroll of enchant weapon
 k - a scroll of enchant armour
 l - a scroll of poison {unknown}
 q - a scroll of vulnerability {unknown}
 s - a scroll of fear {unknown}
Potions
 e - 2 potions of invisibility
 f - 5 potions of curing
 m - 3 potions of haste
 n - a potion of degeneration {unknown}
 o - a potion of heal wounds {unknown}
 r - a potion of might {unknown}


   Skills:
 + Level 5.2 Fighting
 + Level 6.2 Ranged Weapons
 + Level 4.4 Armour
 + Level 4.8 Dodging
 + Level 3.5 Stealth


You had 6 spell levels left.
You didn't know any spells.
Your spell library contained the following spells:

 Spells                   Type           Power      Damage    Failure   Level
 Apportation              Tloc           0%         N/A       67%         1
 Beastly Appendage        Tmut           0%         N/A       67%         1
 Necrotise                Necr           0%         1d4       67%         1
 Summon Small Mammal      Summ           0%         N/A       67%         1
 Wereblood                Tmut           0%         N/A       80%         2
 Inner Flame              Hex/Fire       0%         N/A       95%         3
 Spider Form              Tmut/Pois      0%         N/A       95%         3
 Cause Fear               Hex            0%         N/A       100%        4
 Discord                  Hex            0%         N/A       100%        8
 Chain Lightning          Conj/Air       0%         N/A       100%        9
 Fire Storm               Conj/Fire      0%         5d1       100%        9
 Shatter                  Erth           0%         3d5*      100%        9


Dungeon Overview and Level Annotations

Branches:
Dungeon (6/15)             Temple (1/1) D:4

Altars:
Cheibriados
Dithmenos
Elyvilon
Fedhas
Gozag
Hepliaklqana
Kikubaaqudgha
Makhleb
Nemelex Xobeh
Okawaru
Qazlal
Ru
Trog
Uskayaw
Vehumet
Wu Jian
Xom
Yredelemnul
Zin
The Shining One

Shops:
D:1 (


Innate Abilities, Weirdness & Mutations

Your life essence is reduced to manifest your ancestor. (-10% HP)
You have a pair of horns on your head.
You reflexively headbutt those who attack you in melee.


Message History

You shoot an arrow. The arrow hits the orc warrior.
The orc warrior is severely wounded.
The orc warrior barely misses you.
You shoot an arrow.
The arrow hits the orc warrior but does no damage.
The orc warrior is severely wounded.
The orc warrior hits you with a +0 long sword.
The orc warrior closely misses you.
You shoot an arrow. The arrow hits the orc warrior.
The orc warrior is severely wounded.
The orc warrior barely misses you. You furiously retaliate!
You headbutt the orc warrior, but do no damage.
You shoot an arrow.
The arrow closely misses the orc warrior.
The orc warrior misses you.
You shoot an arrow.
The arrow hits the orc warrior but does no damage.
The orc warrior is severely wounded.
The orc warrior hits you with a +0 long sword.
You shoot an arrow. The arrow hits the orc warrior.
The orc warrior is almost dead.
The orc warrior hits you with a +0 long sword!
The orc warrior hits you with a +0 long sword.
* * * LOW HITPOINT WARNING * * *
You shoot an arrow. The arrow hits the orc warrior.
The orc warrior is almost dead.
The orc warrior barely misses you.
You shoot an arrow.
The arrow barely misses the orc warrior.
The orc warrior hits you with a +0 long sword!
* * * LOW HITPOINT WARNING * * *
You shoot an arrow. The arrow hits the orc warrior.
The orc warrior is almost dead.
The orc warrior closely misses you.
The orc warrior hits you but does no damage.
You shoot an arrow.
The arrow barely misses the orc warrior.
Garold emerges from the mists of memory!
The orc warrior hits you with a +0 long sword!
You die...

#....# .#####
#....# ... ....
#....#####.....
#### ..
###............
.... ...#
#..#####.....
####
.....#..#####...
.
#..........#...
####.........#
##...###@..##
#.....#o###.#
#.#...#.R.# . #
#####...# #)).#
#....)#.###.#
##...###...#
#.### #.....# .
oo#...#...#


You could see the friendly Garold the ancestor and an orc warrior (ally target).

Vanquished Creatures
  An ogre (D:5)
  A centaur (D:4)
  A scorpion (D:5)
  3 jellies
  4 orc priests
  2 hounds
  Jessica (D:3)
  3 iguanas (D:5)
  An orc wizard (D:5)
  7 adders
  6 gnolls
  2 ufetubi (D:6)
  4 worms
  2 dart slugs
  7 orcs
  3 ball pythons
  9 endoplasms
  3 giant cockroaches
  7 hobgoblins
  5 quokkas
  3 bats
  5 frilled lizards
  9 goblins
  6 kobolds
  9 rats
104 creatures vanquished.

Vanquished Creatures (collateral kills)
  An orc wizard (D:5)
  A gnoll (D:5)
  An orc (D:5)
3 creatures vanquished.

Vanquished Creatures (others)
  An ancestor (D:6)
1 creature vanquished.

Grand Total: 108 creatures vanquished

Notes
Turn   | Place    | Note
-------+----------+-------------------------------------------
     0 | D:1      | Dartaoz the Minotaur Hunter began the quest for the Orb.
     0 | D:1      | Reached XP level 1. HP: 18/18 MP: 0/0
    11 | D:1      | Found Lonaewe's Weapon Shop.
   147 | D:1      | Reached skill level 1 in Stealth
   321 | D:1      | Reached XP level 2. HP: 25/25 MP: 1/1
   403 | D:1      | Found a faded altar of an unknown god.
   412 | D:1      | Got Plato's Vellum of Creation
   762 | D:1      | Reached skill level 1 in Armour
   976 | D:2      | Reached XP level 3. HP: 25/30 MP: 2/2
  1176 | D:2      | Reached XP level 4. HP: 38/38 MP: 3/3
  1770 | D:3      | Reached skill level 5 in Ranged Weapons
  1770 | D:3      | Reached XP level 5. HP: 45/45 MP: 4/4
  2022 | D:3      | Noticed Jessica
  2024 | D:3      | Killed Jessica
  2405 | D:4      | Reached XP level 6. HP: 25/52 MP: 5/5
  2676 | D:4      | Found a staircase to the Ecumenical Temple.
  2683 | Temple   | Entered the Ecumenical Temple
  2830 | Temple   | Became a worshipper of Hepliaklqana the Forgotten
  3058 | D:4      | Found a shimmering altar of Xom.
  3485 | D:5      | Entered Level 5 of the Dungeon
  3729 | D:5      | Reached XP level 7. HP: 60/60 MP: 6/6
  3916 | D:5      | Reached * piety under Hepliaklqana
  4247 | D:5      | Reached skill level 6 in Ranged Weapons
  4294 | D:5      | Found a hide-covered altar of Uskayaw.
  4294 | D:5      | Found a sparkling altar of Nemelex Xobeh.
  4437 | D:5      | Reached skill level 5 in Fighting
  4795 | D:6      | Slain by an orc warrior

Illustrated notes

Levels and vault maps discovered:
D:1:      dpeg_arrival_fog, layout_loops_corners,
          shapermc_ecumenical_altar_rom_forum, serial_shops,
          nicolae_shop_bloodbath_and_beyond
D:2:      layout_loops_cross, kennysheep_generic_room_14
D:3:      layout_loops_ring, uniq_jessica
D:4:      layout_loops_ring, xom_butterflies,
          minmay_temple_entry_drinking_statues
D:5:      layout_layer_cave, gammafunk_temple_overflow_wave
D:6:      nicolae_cairo_tiling, layout_basic
Temple:   minmay_crystal_spiral_temple

Skill      XL: |  1  2  3  4  5  6  7 |
---------------+----------------------+-----
Stealth        | 1 2 3 |  3.5
Armour         | 1 2 3 4 |  4.4
Fighting       | 3 4 5 |  5.2
Dodging        | 3 4 |  4.8
Ranged Weapons | 5 6 |  6.2

Action                   |  1- 3 |  4- 6 |  7- 9 || total
-------------------------+-------+-------+-------++-------
 Fire: Shortbow          |   111 |   161 |    83 ||   355
Invok: Ancestor Identity |       |       |     1 ||     1
  Use: Scroll            |       |     6 |     1 ||     7
       Potion            |       |       |     1 ||     1
Armor: Leather armour    |    15 |    11 |       ||    26
       Ring mail         |       |       |     9 ||     9
Dodge: Dodged            |    28 |    34 |    31 ||    93

Table legend: (Time is in decaauts)
 A = Elapsed time spent in this place.
 B = Non-inter-level travel time spent in this place.
 C = Inter-level travel time spent in this place.
 D = Time resting spent in this place.
 E = Time spent auto-exploring this place.
 F = Levels seen in this place.
 G = Mean time per level.
                   A        B        C        D        E       F      G
               +--------+--------+--------+--------+--------+-----+--------+
         Total |   4898 |   4654 |    244 |    291 |   3548 |   7 |  699.7 |
       Dungeon |   4664 |   4506 |    158 |    291 |   3436 |   6 |  777.3 |
        Temple |    234 |    148 |     86 |      0 |    112 |   1 |  234.0 |
               +--------+--------+--------+--------+--------+-----+--------+

Top non-repeatable levels by time:
     D:5: 1206 daAuts
     D:1: 993 daAuts
     D:4: 887 daAuts
     D:2: 783 daAuts
     D:3: 661 daAuts
  Temple: 234 daAuts
     D:6: 131 daAuts
